 Dungeon Crawl Stone Soup version 0.26-a0-858-gbf766624f9 (webtiles) character file.

Game seed: 15946213950972029369

4724 miscthings the Ogre Mage (level 10, -1/94 HPs)
             Began as an Ogre Fire Elementalist on Nov 24, 2020.
             Was a Believer of Cheibriados.
             Slain by a bullfrog (2 damage)
             ... on level 11 of the Dungeon.
             The game lasted 00:21:52 (9973 turns).

miscthings the Ogre Mage (Ogre Fire Elementalist)   Turns: 9973, Time: 00:21:53

Health: -1/94      AC:  6    Str: 18    XL:     10   Next: 45%
Magic:  21/32      EV: 10    Int: 28    God:    Cheibriados [**....]
Gold:   283        SH:  5    Dex:  8    Spells: 8/27 levels left

rFire    + + .     SeeInvis .   n - +2 whip (venom)
rCold    + . .     Faith    .   (no shield)
rNeg     + . .     Spirit   .   D - +2 robe {rF+}
rPois    .         Reflect  +   (helmet restricted)
rElec    .         Harm     .   s - +0 cloak of Music {Int+5 Dex-5}
rCorr    .         Rampage  .   (gloves unavailable)
MR       +....                  (boots unavailable)
Stlth    ..........             y - amulet of Lefixapp {Reflect rC++ rN+ SH+5 Stlth-}
HPRegen  0.25/turn              c - ring of magical power
MPRegen  0.23/turn              A - ring of fire

@: lethally poisoned (-1 -> -1), very slow
A: large, unfitting armour, tough skin 1
a: Bend Time, Renounce Religion


You were on level 11 of the Dungeon.
You worshipped Cheibriados.
Cheibriados was pleased with you.
You visited 2 branches of the dungeon, and saw 11 of its levels.

You collected 558 gold pieces.
You spent 275 gold pieces at shops.

Inventory:

Hand Weapons
 n - a +2 whip of venom (weapon)
 w - a +0 hand axe
 C - a +1 whip of electrocution
Armour
 s - the +0 cloak of Music (worn) {Int+5 Dex-5}
   (You found it on level 4 of the Dungeon)

   It affects your intelligence (+5).
   It affects your dexterity (-5).
 D - a +2 robe of fire resistance (worn)
 E - a +1 robe of cold resistance
Jewellery
 c - a ring of magical power (left hand)
 j - an uncursed ring of wizardry
 t - an uncursed ring of protection from cold
 v - the ring of Qosoej {rF+ Stlth+}
   (You found it on level 5 of the Dungeon)

   [ring of stealth]

   It protects you from fire.
   It makes you more stealthy.
 y - the amulet of Lefixapp (around neck) {Reflect rC++ rN+ SH+5 Stlth-}
   (You found it on level 6 of the Dungeon)

   [amulet of reflection]

   It shields you and reflects attacks.
   It greatly protects you from cold.
   It protects you from negative energy.
   It affects your SH (+5).
   It makes you less stealthy.
 A - a ring of fire (right hand)
Wands
 q - a wand of flame (26)
 z - a wand of polymorph (10)
 F - a wand of enslavement (12)
Scrolls
 a - a scroll of enchant weapon
 b - 2 scrolls of magic mapping
 e - a scroll of torment
 h - 4 scrolls of immolation
 i - a scroll of amnesia
 o - 6 scrolls of remove curse
 p - a scroll of blinking
 u - 3 scrolls of teleportation
 x - a scroll of enchant armour
 B - a scroll of identify {@r1}
Potions
 d - 2 potions of might
 f - a potion of curing
 g - a potion of heal wounds
 k - a potion of mutation
 l - a potion of ambrosia
 m - a potion of degeneration {unknown}
 r - a potion of invisibility


   Skills:
 + Level 4.7 Fighting
 + Level 1.2 Armour
 + Level 2.4 Dodging
 - Level 1.4 Stealth
 + Level 9.4 Spellcasting
 + Level 5.3 Conjurations
 + Level 6.2 Fire Magic
 - Level 2.0 Air Magic
 - Level 2.0 Poison Magic
 + Level 2.3 Invocations
 + Level 5.4 Evocations


You had 8 spell levels left.
You knew the following spells:

 Your Spells              Type           Power        Failure   Level
a - Foxfire               Conj/Fire      ####         1%          1
b - Conjure Flame         Conj/Fire      ######..     1%          3
c - Fireball              Conj/Fire      ######....   11%         5
d - Inner Flame           Hex/Fire       #####...     3%          3
e - Mephitic Cloud        Conj/Pois/Air  ####....     3%          3
f - Sticky Flame          Conj/Fire      ######..     4%          4

Your spell library contained the following spells:

 Spells                   Type           Power        Failure   Level
 Poisonous Vapours        Pois/Air       ###...       2%          2
 Animate Skeleton         Necr           ##....       4%          1
 Beastly Appendage        Tmut           ##....       4%          1
 Pain                     Necr           ##..         4%          1
 Sandblast                Erth           ##....       4%          1
 Stone Arrow              Conj/Erth      ####..       4%          3
 Passwall                 Tmut/Erth      ##......     6%          2
 Wereblood                Tmut           ##......     6%          2
 Spider Form              Tmut/Pois      ###.......   9%          3
 Vampiric Draining        Necr           ##........   13%         3
 Animate Dead             Necr           ##........   38%         4
 Cause Fear               Hex            ##........   38%         4
 Ice Form                 Ice/Tmut       ##......     38%         4
 Petrify                  Tmut/Erth      ##......     38%         4
 Silence                  Hex/Air        ###.......   61%         5
 Agony                    Necr           ##......     75%         5
 Blade Hands              Tmut           ##........   75%         5
 Lee's Rapid Deconstruct  Erth           ##........   75%         5
 Yara's Violent Unravell  Hex/Tmut       ##........   75%         5
 Freezing Cloud           Conj/Ice/Air   ####......   94%         6
 Discord                  Hex            ##........   100%        8


Dungeon Overview and Level Annotations

Branches:
Dungeon (9/15)             Temple (1/1) D:7            Lair (0/6) D:11
    Orc: D:9-12

Altars:
Ashenzari
Cheibriados
Dithmenos
Elyvilon
Fedhas
Hepliaklqana
Kikubaaqudgha
Makhleb
Nemelex Xobeh
Okawaru
Qazlal
Ru
Sif Muna
Trog
Uskayaw
Vehumet
Xom
Yredelemnul
Zin
The Shining One

Shops:
D:6 =

Annotations:
D:5 2 transporters, DocClef's ghost, weakling GnDe
D:6 1 runed translucent door, Xolotl's ghost, novice HOFi


Innate Abilities, Weirdness & Mutations

You are too large for most types of armour.
You have tough skin. (AC +1)


Message History

Found a staircase to the Lair.
A bullfrog comes into view.
You block the bullfrog's attack. The bullfrog barely misses you.
The black bear bites the plant!
The plant begins to die.
The black bear claws the plant. x2; The scorpion stings the plant.
The plant begins to die.
The bullfrog hits you.
* * * LOW HITPOINT WARNING * * *
You hear a shout!
The black bear bites the fungus.
The fungus begins to die.
The black bear claws the fungus. x2
The kobold demonologist casts a cantrip, but nothing happens.
The scorpion stings the plant!
The plant is poisoned.
The scorpion poisons the plant!
The bullfrog hits you.
* * * LOW HITPOINT WARNING * * *
The black bear bites the plant.
The plant begins to die.
The black bear claws the plant. x2
Found a ring mail, a scroll labelled QAFAVU BION and 7 gold pieces.
* * * LOW HITPOINT WARNING * * *
You feel sick.
The scorpion stings the plant!
The bullfrog hits you.
You die...
P.PP.....P..# .P..PP.PPPK.#

.PP..shPP...#
.PP.PPPP....#
PP..PPP...#
..PPPP..P.#
P....P..K##
.PP...P#F#
....P..#@#
^.....##...#
..###.
#.....# . #.
#....<# #.
[.......
#.....###
#..?.$#
....###


You could see a kobold demonologist, a black bear, a big kobold, a bullfrog and
a scorpion.

Vanquished Creatures
  Pikel (D:7)
  A manticore (D:11)
  A shadow (D:9)
  A vampire (D:9)
  A water moccasin (D:6)
  A swamp drake (D:9)
  7 phantoms
  3 ice beasts
  A black bear (D:8)
  3 sky beasts
  2 centaurs
  5 bullfrogs
  A water moccasin zombie (D:8)
  A gnoll sergeant (D:11)
  2 jellies (D:7)
  A scorpion (D:4)
  9 killer bees
  3 electric eels (D:7)
  A bullfrog zombie (D:5)
  3 hounds
  A centaur zombie (D:7)
  2 orc priests
  A centaur skeleton (D:7)
  5 orc wizards
  An iguana (D:8)
  An iron imp (D:9)
  7 worker ants
  A killer bee zombie (D:5)
  3 gnolls
  18 adders
  4 shadow imps
  2 white imps
  2 ufetubi
  An ooze (D:3)
  4 adder skeletons
  2 worms (D:3)
  2 dart slugs (D:1)
  4 leopard geckos
  14 orcs
  5 giant cockroaches
  6 goblins
  12 hobgoblins
  16 jackals
  4 quokkas
  3 ball pythons
  6 bats
  6 frilled lizards
  2 goblin skeletons (D:5)
  2 hobgoblin zombies (D:5)
  7 kobolds
  An orc skeleton (D:5)
  7 rats
200 creatures vanquished.

Vanquished Creatures (collateral kills)
  2 foxfires (D:7)
2 creatures vanquished.

Vanquished Creatures (others)
  A shadow imp (D:9)
  2 orcs (D:9)
  800 foxfires
  8 fungi (D:11)
  21 plants
  2 withered plants (D:6)
834 creatures vanquished.

Grand Total: 1036 creatures vanquished

Notes
Turn   | Place    | Note
-------+----------+-------------------------------------------
     0 | D:1      | miscthings the Ogre Fire Elementalist began the quest for
                  | the Orb.
     0 | D:1      | Reached XP level 1. HP: 16/16 MP: 3/3
   142 | D:1      | Reached skill level 1 in Conjurations
   142 | D:1      | Reached XP level 2. HP: 10/24 MP: 0/5
   436 | D:1      | Reached skill level 3 in Spellcasting
   436 | D:1      | Reached XP level 3. HP: 6/31 MP: 0/7
  1581 | D:2      | Reached XP level 4. HP: 20/39 MP: 0/9
  2180 | D:2      | Reached XP level 5. HP: 42/45 MP: 4/10
  2211 | D:2      | Reached skill level 4 in Spellcasting
  3125 | D:3      | Reached XP level 6. HP: 53/53 MP: 4/12
  3287 | D:3      | Found a glowing golden altar of the Shining One.
  3484 | D:4      | Noticed a phantom
  3495 | D:4      | Killed a phantom
  3496 | D:4      | Reached skill level 5 in Spellcasting
  3530 | D:4      | Found a burning altar of Makhleb.
  3530 | D:4      | Noticed a balrug
  3871 | D:4      | Found a shimmering altar of Xom.
  3904 | D:4      | Reached XP level 7. HP: 59/59 MP: 14/14
  3929 | D:4      | Got a slimy cloak
  3935 | D:4      | Identified the +0 cloak of Music {Int+5 Dex-5} (You found
                  | it on level 4 of the Dungeon)
  4056 | D:5      | Entered Level 5 of the Dungeon
  4066 | D:5      | Found a blossoming altar of Fedhas.
  4111 | D:5      | Found a transporter.
  4111 | D:5      | Noticed DocClef's ghost (weakling GnDe)
  4132 | D:5      | Found a transporter.
  4190 | D:5      | Found a glowing golden altar of the Shining One.
  4456 | D:5      | Found a sacrificial altar of Ru.
  4470 | D:5      | Got a smoking steel ring
  4487 | D:5      | Identified the ring of Qosoej {rF+ Stlth+} (You found it on
                  | level 5 of the Dungeon)
  4671 | D:5      | Found a shimmering blue altar of Sif Muna.
  4699 | D:5      | Reached skill level 5 in Fire Magic
  5012 | D:6      | Reached skill level 6 in Spellcasting
  5022 | D:6      | Reached skill level 1 in Fighting
  5033 | D:6      | Learned a level 4 spell: Sticky Flame
  5039 | D:6      | Learned a level 5 spell: Fireball
  5043 | D:6      | Learned a level 3 spell: Conjure Flame
  5117 | D:6      | Found a bloodstained altar of Trog.
  5196 | D:6      | Reached skill level 1 in Evocations
  5196 | D:6      | Reached XP level 8. HP: 65/71 MP: 17/17
  5200 | D:6      | Got a coiled silver amulet
  5208 | D:6      | Identified the amulet of Lefixapp {Reflect rC++ rN+ SH+5
                  | Stlth-} (You found it on level 6 of the Dungeon)
  5234 | D:6      | Found a runed translucent door.
  5256 | D:6      | Noticed Xolotl's ghost (novice HOFi)
  5355 | D:6      | Found Iwket's Jewellery Shop.
  5359 | D:6      | Bought an uncursed ring of fire for 275 gold pieces
  5592 | D:7      | Noticed Pikel
  6283 | D:7      | Reached skill level 7 in Spellcasting
  6283 | D:7      | Reached skill level 5 in Conjurations
  6531 | D:7      | Reached XP level 9. HP: 84/84 MP: 19/19
  6612 | D:7      | Found a hazy altar of Hepliaklqana.
  6614 | D:7      | Found a shadowy altar of Dithmenos.
  6723 | D:7      | Found a staircase to the Ecumenical Temple.
  6766 | D:7      | Killed Pikel
  6767 | D:7      | Reached skill level 8 in Spellcasting
  6972 | D:8      | Found a sparkling altar of Nemelex Xobeh.
  7047 | Temple   | Entered the Ecumenical Temple
  7070 | Temple   | Became a worshipper of Cheibriados the Contemplative
  7506 | D:7      | HP: 4/84 [poisoned by a killer bee]
  7511 | D:7      | HP: 4/84 [poisoned by a killer bee]
  7516 | D:7      | HP: 3/84 [poisoned by a killer bee]
  7524 | D:7      | HP: 3/84 [poisoned by a killer bee]
  7906 | D:7      | Learned a level 3 spell: Inner Flame
  8011 | D:8      | Reached * piety under Cheibriados
  8268 | D:8      | Reached skill level 9 in Spellcasting
  8460 | D:8      | Reached skill level 5 in Evocations
  8565 | D:8      | Learned a level 3 spell: Mephitic Cloud
  9104 | D:9      | Found a white marble altar of Elyvilon.
  9108 | D:9      | Reached XP level 10. HP: 88/92 MP: 23/23
  9124 | D:9      | Reached skill level 1 in Air Magic
  9124 | D:9      | Reached skill level 1 in Poison Magic
  9130 | D:9      | Reached skill level 1 in Invocations
  9515 | D:9      | Reached ** piety under Cheibriados
  9550 | D:9      | Reached skill level 1 in Armour
  9957 | D:9      | You fall into a shaft and drop 2 floors!
  9958 | D:11     | Noticed a manticore
  9958 | D:11     | Noticed a boulder beetle
  9962 | D:11     | Killed a manticore
  9966 | D:11     | Noticed a seven-headed hydra
  9970 | D:11     | Found a staircase to the Lair.
  9970 | D:11     | Noticed a kobold demonologist
  9972 | D:11     | HP: 2/94 [bullfrog (5)]
  9973 | D:11     | Slain by a bullfrog

Illustrated notes

Levels and vault maps discovered:
D:1:      dpeg_arrival_prison, layout_basic, minmay_misc_feat_roman
D:2:      layout_loops_corners
D:3:      kennysheep_big_flooded_room, layout_basic,
          nicolae_overflow_hidden_temple, serial_corexii_hall,
          corexii_hall_statues_l, corexii_hall_statues_x, skrybe_limestone_x,
          nrook_mini_vaults
D:4:      layout_gridville, makhleb_altar_promises_db,
          nicolae_overflow_crystal_walls
D:5:      layout_cave_pods, old_standard_altar, kennysheep_mini_moat,
          general_overflow_altar, gammafunk_ghost_stat_death,
          nicolae_tso_besieged_by_evil
D:6:      layout_rooms, lightli_temple_of_fire, gammafunk_ghost_grave,
          serial_shops, nicolae_shop_stone
D:7:      layout_gridville, riverfiend_overflow_shadow_ancestor,
          minmay_temple_entry_from_below_a, st_stairs_5, serial_bayou_pond_d,
          serial_bayou_lake_a, uniq_pikel
D:8:      layout_layer_cave, nemelex_diamond_rough_becter
D:9:      layout_loops_ring, elyvilon_altar_5, hangedman_minor_magic, uniq_grum
D:11:     layout_loops_ring, due_lair_maze_entry_diamond,
          minmay_fractal_squares_gapless_7, uniq_urug
Temple:   nicolae_temple_x_marks_the_god

Skill      XL: |  1  2  3  4  5  6  7  8  9 10 |
---------------+-------------------------------+-----
Conjurations   | 1 2 3 4 5 |  5.3
Fire Magic     | 3 4 5 6 |  6.2
Spellcasting   | 3 4 5 6 7 9 |  9.4
Fighting       | 1 4 |  4.7
Evocations     | 1 2 5 |  5.4
Dodging        | 2 |  2.4
Air Magic      | 2 |  2.0
Poison Magic   | 2 |  2.0
Invocations    | 2 |  2.3
Armour         | 1 |  1.2
Stealth        | |  1.4

Action                   |  1- 3 |  4- 6 |  7- 9 | 10-12 || total
-------------------------+-------+-------+-------+-------++-------
Melee: Unarmed           |     6 |       |       |       ||     6
       Dagger            |    17 |    10 |       |       ||    27
       Whip              |       |    12 |    16 |    41 ||    69
 Cast: Foxfire           |    69 |   137 |   246 |    77 ||   529
       Conjure Flame     |       |       |     2 |       ||     2
       Sticky Flame      |       |       |    10 |     5 ||    15
       Inner Flame       |       |       |     1 |     1 ||     2
Evoke: Wand              |       |       |     5 |       ||     5
  Use: Scroll            |       |    10 |    11 |     2 ||    23
       Potion            |       |       |       |     2 ||     2
 Stab: Sleeping          |     1 |     1 |       |       ||     2
Armor: Robe              |     5 |    15 |    26 |    21 ||    67
Dodge: Dodged            |    23 |    23 |    57 |    38 ||   141
Block: Other             |       |       |    19 |    18 ||    37

Table legend: (Time is in decaauts)
 A = Elapsed time spent in this place.
 B = Non-inter-level travel time spent in this place.
 C = Inter-level travel time spent in this place.
 D = Time resting spent in this place.
 E = Time spent auto-exploring this place.
 F = Levels seen in this place.
 G = Mean time per level.
                   A        B        C        D        E       F      G
               +--------+--------+--------+--------+--------+-----+--------+
         Total |  10597 |  10074 |    523 |   2809 |   5346 |  11 |  963.4 |
       Dungeon |  10560 |  10049 |    511 |   2809 |   5337 |  10 | 1056.0 |
        Temple |     36 |     24 |     12 |      0 |      9 |   1 |   36.0 |
               +--------+--------+--------+--------+--------+-----+--------+

Top non-repeatable levels by time:
     D:7: 2231 daAuts
     D:8: 1672 daAuts
     D:1: 1376 daAuts
     D:2: 1211 daAuts
     D:5: 947 daAuts
     D:6: 853 daAuts
     D:3: 790 daAuts
     D:9: 780 daAuts
     D:4: 677 daAuts
  Temple: 36 daAuts
    D:11: 19 daAuts
